 Dungeon Crawl Stone Soup version 0.31.0-32-g396128a36d (webtiles) character file.

Game seed: 17963594667894079249

157 Curundu the Chopper (level 5, -2/70 HPs)
             Began as a Minotaur Berserker on Apr 1, 2024.
             Was a Believer of Trog.
             Slain by an ice beast (11 damage)
             ... on level 3 of the Dungeon.
             The game lasted 00:04:13 (1932 turns).

Curundu the Chopper (Minotaur Berserker)            Turns: 1932, Time: 00:04:13

Health: -2/70      AC:  3    Str: 23    XL:     5   Next: 15%
Magic:  4/4        EV: 12    Int:  4    God:    Trog [**....]
Gold:   123        SH:  0    Dex: 10    Spells: 4/4 levels left

rFire   . . .        a - +0 hand axe
rCold   . . .        (no shield)
rNeg    . . .        b - +0 animal skin
rPois   .            (helmet restricted)
rElec   .            (no cloak)
rCorr   .            e - +0 pair of gloves
SInv    .            (no boots)
Will    .....        (no amulet) Stlth
                     (no ring)
HPRegen 0.31/turn    (no ring)
MPRegen 0.09/turn

%: no passive effects
@: berserking, very quick
A: horns 2, retaliatory headbutt
a: Renounce Religion, Berserk, Trog's Hand


You were on level 3 of the Dungeon.
You worshipped Trog.
Trog was pleased with you.
You visited 1 branch of the dungeon, and saw 3 of its levels.

You collected 123 gold pieces.

Inventory:

Hand Weapons
 a - a +0 hand axe (weapon)
Missiles
 k - 5 javelins (quivered)
Armour
 b - a +0 animal skin (worn)
 e - a +0 pair of gloves (worn)
Jewellery
 l - an amulet of the acrobat
 m - a +6 ring of intelligence
Scrolls
 c - a scroll of vulnerability {unknown}
 f - a scroll of revelation {unknown}
 g - a scroll of poison {unknown}
 h - 2 scrolls of identify {unknown}
 i - a scroll of fog {unknown}
 j - 2 scrolls of teleportation {unknown}
 n - a scroll of blinking {unknown}
Potions
 d - a potion of curing {unknown}


   Skills:
 + Level 4.9 Fighting
 + Level 5.6 Axes
 + Level 2.5 Armour
 + Level 3.2 Dodging
 + Level 0.1 Stealth


You had 4 spell levels left.
You didn't know any spells.
Your spell library was empty.

Dungeon Overview and Level Annotations

Branches:
Dungeon (3/15)

Altars:


Innate Abilities, Weirdness & Mutations

You have a pair of horns on your head.
You reflexively headbutt those who attack you in melee.


Message History

You barely miss the bombardier beetle. You headbutt the bombardier beetle.
The bombardier beetle is moderately wounded.
The liquid fire burns you!
You hit the bombardier beetle.
The bombardier beetle is heavily wounded.
The liquid fire burns you!
The bombardier beetle sprays incendiary fluid at you.
The burning spray misses you.
You hit the bombardier beetle but do no damage.
You headbutt the bombardier beetle, but do no damage.
The bombardier beetle is heavily wounded.
The liquid fire burns you!
The bombardier beetle bites you but does no damage.
You hit the bombardier beetle. You headbutt the bombardier beetle!
You kill the bombardier beetle!
Trog accepts your kill. The liquid fire burns you!
You have reached level 5!
You shake off some of the fire as you move.
The liquid fire burns you!
You shake off the liquid fire.
HP restored.
There is a stone staircase leading up here.
Found a stone staircase leading down.
Found 6 stones.
Found a stone staircase leading down.
An ice beast comes into view.
Found a scroll labelled XANINUPUIH.
The ice beast hits you. The ice beast freezes you!
You hit the ice beast but do no damage. Your headbutt misses the ice beast.
The ice beast hits you. The ice beast freezes you!
You hit the ice beast but do no damage. The ice beast misses you.
You closely miss the ice beast. The ice beast hits you.
The ice beast freezes you!
* * * LOW HITPOINT WARNING * * *
A red film seems to cover your vision as you go berserk!
You feel yourself moving faster!
You feel mighty! The ice beast hits you.
* * * LOW HITPOINT WARNING * * *
The ice beast freezes you!
You die...

...........#
##########.## #......#
#.###..# #.# #..#
#.###..# # #..##..#
.#.##
####...#..######.....#
+.............@Y......
####......######.?...#
##.##.## .#.## ####.#
.. >.# ## #.## #. #.
#.


You could see an ice beast.

Vanquished Creatures
  A bombardier beetle (D:3)
  Jessica (D:2)
  Terence (D:2)
  2 adders (D:2)
  5 dart slugs
  5 endoplasms
  2 giant cockroaches (D:1)
  5 hobgoblins
  6 kobolds
  A quokka (D:1)
  4 ball pythons
  5 bats
  2 frilled lizards (D:1)
  3 goblins
  4 rats (D:1)
47 creatures vanquished.

Notes
Turn   | Place    | Note
-------+----------+-------------------------------------------
     0 | D:1      | Curundu the Minotaur Berserker began the quest for the Orb.
     0 | D:1      | Reached XP level 1. HP: 19/19 MP: 0/0
   200 | D:1      | Reached skill level 4 in Axes
   200 | D:1      | Reached XP level 2. HP: 27/27 MP: 1/1
   459 | D:1      | Reached ** piety under Trog
   559 | D:1      | Reached XP level 3. HP: 31/33 MP: 2/2
  1164 | D:2      | Noticed Terence
  1164 | D:2      | Noticed Jessica
  1175 | D:2      | Killed Terence
  1178 | D:2      | Killed Jessica
  1179 | D:2      | Reached skill level 5 in Axes
  1179 | D:2      | Reached XP level 4. HP: 37/41 MP: 3/3
  1705 | D:2      | Identified the +9 short sword of the Wasp {speed, rCorr
                  | Str+4}
  1789 | D:3      | Reached XP level 5. HP: 26/47 MP: 4/4
  1923 | D:3      | Noticed an ice beast
  1932 | D:3      | Slain by an ice beast

Illustrated notes

Levels and vault maps discovered:
D:1:      dpeg_arrival_short_road, layout_loops_ring,
          chequers_serial_rivers_small_3, minmay_misc_feat_rugged,
          minmay_octomino_j4
D:2:      layout_loops_ring, uniq_terence, uniq_jessica
D:3:      layout_loops_corners, shapermc_ecumenical_altar_hornbeckon,
          nrook_loot_triangle

Skill      XL: |  1  2  3  4 |
---------------+-------------+-----
Axes           | 4 5 |  5.6
Fighting       | 4 |  4.9
Dodging        | 3 |  3.2
Armour         | |  2.5
Stealth        | |  0.1

Action                     |  1- 3 |  4- 6 || total
---------------------------+-------+-------++-------
  Melee: Hand axe          |    83 |    33 ||   116
         Headbutt          |    10 |     5 ||    15
         Punch             |     2 |       ||     2
 Invoke: Trog's Hand       |     1 |       ||     1
         Berserk           |       |     1 ||     1
   Stab: Sleeping          |     1 |       ||     1
 Armour: Animal skin       |    56 |    22 ||    78
  Dodge: Dodged            |    59 |    18 ||    77
